 Dungeon Crawl Stone Soup version 0.29-a0-1016-g236c7fd91e (webtiles) character file.

Game seed: 10029087526390481556

2 flotson the Sneak (level 1, -3/18 HPs)
             Began as a Demonspawn Delver on Aug 9, 2022.
             Slain by a scorpion (6 damage)
             ... on level 5 of the Dungeon.
             The game lasted 00:00:26 (53 turns).

flotson the Sneak (Demonspawn Delver)                 Turns: 53, Time: 00:00:26

Health: -3/18      AC:  3    Str: 12    XL:     1   Next: 25%
Magic:  1/1        EV: 11    Int: 11    God:
Gold:   0          SH:  0    Dex: 14    Spells: 0/0 levels left

rFire   . . .      SeeInvis .   a - +0 spear
rCold   . . .      Faith    .   (no shield)
rNeg    . . .      Spirit   .   b - +0 leather armour
rPois   .          Reflect  .   (no helmet)
rElec   .          Harm     .   (no cloak)
rCorr   .          Rampage  .   (no gloves)
Will    .....                   (no boots)
Stlth   ++........              (no amulet)
HPRegen 0.06/turn               (no ring)
MPRegen 0.07/turn               (no ring)

@: no status effects
A: no striking features
a: no special abilities


You were on level 5 of the Dungeon.
You visited 1 branch of the dungeon, and saw 1 of its levels.

Inventory:

Hand Weapons
 a - a +0 spear (weapon)
Armour
 b - a +0 leather armour (worn)
Wands
 g - a wand of digging (3)
Scrolls
 c - a scroll of fog
Potions
 f - a potion of haste
 h - a potion of heal wounds {unknown}
 i - 2 potions of cancellation {unknown}


   Skills:
 + Level 3.0 Fighting
 - Level 1.7 Polearms
 + Level 0.1 Armour
 + Level 1.8 Dodging
 - Level 4.5 Stealth
 + Level 0.1 Evocations


You couldn't memorise any spells.
You didn't know any spells.
Your spell library was empty.

Dungeon Overview and Level Annotations

Branches:
Dungeon (5/15)
 Temple: D:4-7

Altars:

Annotations:
D:5 Dowan, Duvessa


Message History

The orc shouts!
You hit the orc but do no damage. The orc hits you with a +0 flail.
You hit the orc.
The orc is heavily wounded.
The orc hits you with a +0 flail.
You hit the orc.
You kill the orc!
Things that are here:
a +0 flail; a +0 ring mail; an orc corpse
As you read the scroll of magic mapping, it crumbles to dust.
You feel aware of your surroundings.
You sensed 2 altars.
Duvessa hits you with a +0 short sword. Duvessa attacks as you move away!
Duvessa barely misses you. Dowan hits you with a +0 dagger.
* * * LOW HITPOINT WARNING * * *
As you read the scroll of fear, it crumbles to dust.
You assume a fearsome visage.
Duvessa looks frightened!
Dowan looks frightened!
Dowan gestures wildly while chanting.
Dowan blinks!
Dowan casts a spell.
Dowan blinks!
Dowan gestures wildly while chanting.
Dowan blinks!
Dowan mumbles some strange words.
Dowan blinks!
Dowan mumbles some strange words.
Dowan blinks!
Dowan gestures wildly while chanting.
Dowan blinks!
You open the door.
There is an open door here.
Found a stone staircase leading up.
A scorpion comes into view.
Found a stone staircase leading up. 3 gnolls come into view.
The gnoll shouts!
You hear a shout! x2
The scorpion stings you.
* * * LOW HITPOINT WARNING * * *
The scorpion stings you.
You die...

***,,.#*#...<.###...,*,,,,,,,
*,,,*...#..........g**,,,,*,,
*,*,*.#...........#.**,,,,,,,
*,>,,....<........gg,,,,*****
**,**.#.............**,,*
*,**.........#*******,,*
*,**#####.##.# *,,***
******,**#####.##s# *,,,,*
,,,,,,,,,.......@.#######*,,,,*
******,**######...'.....#*,,,,***
,,,,,*,* #...###...#*,,,,,,,
****,*,* ##### #...#*,,..#**
*,*,* ###.#*,...# * *,*,*
#.#*....#** *,*,* #.#*.....**
*,*,* *#######.##...#,** *,*,*
*.............#,**


You could see a scorpion.

Vanquished Creatures
  An orc (D:5)
1 creature vanquished.

Notes
Turn   | Place    | Note
-------+----------+-------------------------------------------
     0 | D:5      | flotson the Demonspawn Delver began the quest for the Orb.
     0 | D:5      | Reached XP level 1. HP: 18/18 MP: 1/1
    13 | D:5      | Noticed Dowan
    15 | D:5      | Noticed Duvessa
    48 | D:5      | Noticed a scorpion
    53 | D:5      | Slain by a scorpion

Illustrated notes

Levels and vault maps discovered:
D:5:      wander_river, layout_basic, zin_angel,
          nicolae_sif_muna_little_library, uniq_duvessa, uniq_pikel

Action                   || total
-------------------------++-------
Melee: Spear             ||     3
  Use: Scroll            ||     2
Dodge: Dodged            ||     1

Table legend: (Time is in decaauts)
 A = Elapsed time spent in this place.
 B = Non-inter-level travel time spent in this place.
 C = Inter-level travel time spent in this place.
 D = Time resting spent in this place.
 E = Time spent auto-exploring this place.
 F = Levels seen in this place.
 G = Mean time per level.
                   A        B        C        D        E       F      G
               +--------+--------+--------+--------+--------+-----+--------+
         Total |     53 |     53 |      0 |      0 |     11 |   1 |   53.0 |
       Dungeon |     53 |     53 |      0 |      0 |     11 |   1 |   53.0 |
               +--------+--------+--------+--------+--------+-----+--------+

Top non-repeatable levels by time:
     D:5: 53 daAuts
